 Dungeon Crawl Stone Soup version 0.30.1-4-g462c640d31 (webtiles) character file.

Game seed: 9799370187960103489

162 Gorgoleon the Slasher (level 5, 0/38 HPs)
             Began as a Merfolk Gladiator on Aug 17, 2023.
             Slain by Edmund
             ... wielding a +4 dire flail of holy wrath
              (8 damage)
             ... on level 4 of the Dungeon.
             The game lasted 00:08:36 (2651 turns).

Gorgoleon the Slasher (Merfolk Gladiator)           Turns: 2651, Time: 00:08:36

Health: 0/38       AC:  7    Str: 16 (19) XL:     5   Next: 43%
Magic:  5/5        EV: 13    Int:  5 (6)  God:
Gold:   223        SH:  4    Dex: 19 (22) Spells: 4/4 levels left

rFire   . . .        a - +0 long sword
rCold   . . .        (no shield)
rNeg    . . .        s - +0 ring mail
rPois   .            c - +0 helmet
rElec   .            (no cloak)
rCorr   .            (no gloves)
SInv    +            C - +0 pair of boots
Will    .....        (no amulet)
Stlth   +            t - +6 ring of strength
HPRegen 0.26/turn    r - ring of see invisible
MPRegen 0.09/turn

%: no passive effects
@: brilliant, hasted, very quick
A: (nimble swimmer 2), mertail, large bone plates 1, agile 1
a: no special abilities


You were on level 4 of the Dungeon.
You visited 1 branch of the dungeon, and saw 4 of its levels.

You collected 223 gold pieces.

Inventory:

Hand Weapons
 a - a +0 long sword (weapon)
Missiles
 d - 4 throwing nets
 e - a javelin
 f - 9 poisoned darts
 l - 21 stones (quivered)
 u - 2 atropa-tipped darts
 A - 5 boomerangs
Armour
 c - a +0 helmet (worn)
 s - a +0 ring mail (worn)
 C - a +0 pair of boots (worn)
Jewellery
 r - a ring of see invisible (right hand)
 t - a +6 ring of strength (left hand)
 B - a +6 ring of strength
Wands
 b - a wand of polymorph (4)
 D - a wand of iceblast (11)
Scrolls
 h - a scroll of amnesia
 m - a scroll of teleportation
 p - 3 scrolls of noise
Potions
 j - a potion of degeneration
 k - a potion of lignification
 q - a potion of flight


   Skills:
 - Level 2.1 Fighting
 + Level 6.4 Long Blades
 - Level 2.0 Throwing
 * Level 1.6 Armour
 - Level 4.0 Dodging


You had 4 spell levels left.
You didn't know any spells.
Your spell library contained the following spells:

 Spells                   Type           Power      Damage    Failure   Level
 Kiss of Death            Conj/Necr      0%         2d5       69%         1
 Necrotise                Necr           0%         1d4       69%         1
 Ensorcelled Hibernation  Hex/Ice        0%         N/A       83%         2
 Static Discharge         Conj/Air       0%         2-2/arc   83%         2
 Confusing Touch          Hex            0%         N/A       96%         3
 Spider Form              Tmut/Pois      0%         N/A       96%         3
 Summon Guardian Golem    Hex/Summ       0%         N/A       96%         3
 Vampiric Draining        Necr           0%         2d6       96%         3
 Anguish                  Hex/Necr       0%         N/A       100%        4
 Dispel Undead            Necr           0%         3d6       100%        4
 Leda's Liquefaction      Hex/Erth       0%         N/A       100%        4
 Agony                    Necr           0%         N/A       100%        5


Dungeon Overview and Level Annotations

Branches:
Dungeon (4/15)
 Temple: D:4-7

Altars:
Vehumet

Shops:
D:2 :

Annotations:
D:4 Edmund


Innate Abilities, Weirdness & Mutations

((You are very nimble when in or above water. (Stealth+, EV+, Speed+++)))
Your lower body shifts to a powerful aquatic tail in water.
You are partially covered in large bone plates. (SH +4)
You are agile. (Dex +4, Str/Int -1)


Message History

Edmund is severely wounded.
You barely miss Edmund.
Edmund is severely wounded.
Edmund hits you with a +4 dire flail of holy wrath!
* * * LOW HITPOINT WARNING * * *
You are confused.
You feel invigorated. Edmund closely misses you.
You hit Edmund but do no damage.
Edmund is severely wounded.
Edmund misses you.
You bump into the rock wall.
You hit Edmund but do no damage.
Edmund is severely wounded.
Edmund hits you with a +4 dire flail of holy wrath!
* * * LOW HITPOINT WARNING * * *
You hit Edmund.
Edmund is severely wounded.
Edmund hits you with a +4 dire flail of holy wrath.
You bump into the rock wall.
You feel less invigorated.
You feel less confused.
You closely miss Edmund.
Edmund is severely wounded.
Edmund hits you with a +4 dire flail of holy wrath.
You barely miss Edmund.
Edmund is severely wounded.
Edmund hits you with a +4 dire flail of holy wrath.
* * * LOW HITPOINT WARNING * * *
You completely miss Edmund.
Edmund is severely wounded.
The howler monkey hoots and howls with incredible vigour!
Edmund closely misses you.
You hit Edmund.
Edmund is severely wounded.
You hit Edmund but do no damage.
Edmund is severely wounded.
Edmund barely misses you.
You barely miss Edmund.
Edmund is severely wounded.
Edmund hits you with a +4 dire flail of holy wrath!
You die...

.......................#
##.####....######......#
#.###....## #......#
#.....##.# ########
########.# . #)## ...
#..######
.....#####..#...#
.....h@@.##.#...####
#....###...........# #..
######...##..# .
#.......# #...#####
#...# #...# #####


You could see Edmund and a howler monkey.

Vanquished Creatures
  A scorpion (D:4)
  2 adders
  2 ufetubi (D:4)
  4 dart slugs
  2 orcs (D:3)
  5 endoplasms
  7 giant cockroaches
  5 goblins
  6 hobgoblins
  3 jackals (D:3)
  8 kobolds
  4 quokkas
  5 ball pythons
  2 bats (D:3)
  3 frilled lizards
  6 rats
65 creatures vanquished.

Notes
Turn   | Place    | Note
-------+----------+-------------------------------------------
     0 | D:1      | Gorgoleon the Merfolk Gladiator began the quest for the
                  | Orb.
     0 | D:1      | Reached XP level 1. HP: 16/16 MP: 1/1
   157 | D:1      | Reached skill level 4 in Long Blades
   256 | D:1      | Reached XP level 2. HP: 22/22 MP: 2/2
   706 | D:1      | Reached XP level 3. HP: 27/27 MP: 3/3
   734 | D:1      | Reached skill level 5 in Long Blades
  1027 | D:2      | Found Siloeck's Book Boutique.
  1170 | D:2      | Found a radiant altar of Vehumet.
  1859 | D:3      | Reached XP level 4. HP: 33/33 MP: 4/4
  2051 | D:3      | Got the Codex of Ceraunoscopy and Guile
  2409 | D:4      | Reached skill level 1 in Armour
  2413 | D:4      | Reached skill level 6 in Long Blades
  2514 | D:4      | Noticed a scorpion
  2527 | D:4      | Killed a scorpion
  2528 | D:4      | Reached XP level 5. HP: 29/38 MP: 5/5
  2624 | D:4      | Noticed Edmund
  2635 | D:4      | Gained mutation: You are agile. (Dex +4, Str/Int -1)
                  | [potion of mutation]
  2635 | D:4      | Gained mutation: You are partially covered in large bone
                  | plates. (SH +4) [potion of mutation]
  2651 | D:4      | Slain by Edmund

Illustrated notes

Levels and vault maps discovered:
D:1:      lemuel_arrival_muddy, layout_loops_corners
D:2:      layout_loops_ring, serial_shops, nicolae_shop_behind_doors,
          basic_altar
D:3:      layout_rooms, serial_corexii_hall, corexii_hall_statues_t,
          corexii_hall_statues_x
D:4:      layout_rooms, minmay_temple_entry_antechambers,
          chequers_serial_rivers_room_a, uniq_edmund

Skill      XL: |  1  2  3  4 |
---------------+-------------+-----
Long Blades    | 4 5 6 |  6.4
Armour         | 1 |  1.6
Fighting       | |  2.1
Throwing       | |  2.0
Dodging        | |  4.0

Action                     |  1- 3 |  4- 6 || total
---------------------------+-------+-------++-------
  Melee: Long sword        |   107 |    97 ||   204
  Throw: Stone             |     1 |       ||     1
    Use: Scroll            |       |    10 ||    10
         Potion            |       |     6 ||     6
   Stab: Sleeping          |     1 |       ||     1
 Armour: Leather armour    |    18 |       ||    18
         Ring mail         |    15 |    23 ||    38
  Dodge: Dodged            |    63 |    80 ||   143
  Block: Other             |       |     2 ||     2
